[Event "European Amateur Chess-ch 2022"]
[Site "Zagreb"]
[Date "2022.08.18"]
[Round "6.6"]
[White "Ruzic, Pia Marie"]
[Black "Novosel, Lovro"]
[Result "0-1"]
[ECO "E06"]
[WhiteElo "1996"]
[BlackElo "2212"]
[Annotator "TA"]
[PlyCount "116"]
[EventDate "2022.08.14"]
[EventCountry "CRO"]
[SourceTitle "playchess.com"]
[Source "ChessBase"]
[SourceQuality "1"]
[TimeControl "40/5400+30:1800+30"]

1. d4 Nf6 2. c4 e6 3. Nf3 d5 4. g3 Be7 5. Bg2 O-O 6. O-O c6 7. Nbd2 b6 8. Qc2 Bb7 9. e4 Na6 10. cxd5 {E06: Closed Catalan: Early deviations.} cxd5 11. e5 Rc8 12. Qb3 {[#] The position is equal.} Nd7 $146 ({Predecessor:} 12... Ne4 13. a3 Nb8 14. h4 Nc6 15. Qe3 Nxd2 16. Bxd2 Na5 17. Bxa5 bxa5 18. Rac1 Qb6 {1-0 (50) Tomasi,E (2030)-Samadashvili,M (2215) Chess.com INT 2020}) 13. Rd1 Nb4 14. Nf1 Ba6 15. Ne3 Nc6 16. Re1 (16. Rd2 $11 {keeps the balance.}) 16... Na5 (16... Bb4 $17 17. Qa4 Bxe1 18. Qxa6 Ba5) 17. Qd1 $11 Nc4 18. Nxc4 Bxc4 19. h4 Nb8 20. Bg5 (20. Ng5 {looks sharper.} Bb5 21. Be3 Nc6 22. Qc2) 20... h6 21. Bxe7 Qxe7 22. Qd2 Nc6 23. b3 Ba6 24. a3 Na5 25. Qb2 Rc7 26. Rac1 Rfc8 27. Nd2 (27. Rxc7 $11 Qxc7 28. b4) 27... Bd3 $17 28. Bf1 Bg6 29. Qa1 Rc2 30. b4 {[#]} Nc4 {Black is more active.} (30... Qc7 $1 $17 31. Rcd1 (31. Rxc2 Qxc2 32. bxa5 Qxd2 $17) 31... Nc4 32. Nxc4 dxc4) 31. Rxc2 $11 Bxc2 32. Qc3 Ba4 33. Rc1 Qb7 34. Bxc4 dxc4 35. Qe3 (35. Nxc4 $2 Qd5 36. f3 b5 $19) 35... Qd5 36. Ne4 Bc6 37. f3 b5 38. h5 (38. g4 $11 {remains equal.}) 38... a5 39. Ra1 (39. bxa5 $142 Ra8 40. Qd2) 39... Ra8 {Threatens to win with ...axb4.} 40. Qc3 Qd8 {...Bxe4 is the strong threat.} 41. Kf2 Ra7 42. Nd6 (42. bxa5 $17 {is a better defense.} Bxe4 43. fxe4) 42... Qg5 43. bxa5 Qxh5 {[%cal Oa7a5] aiming for ...Rxa5!} 44. Kg2 {[#]} Ra8 $2 (44... Rxa5 $1 $19 {[%cal Ob5b4][%mdl 512] White must now prevent ...b4!} 45. Rb1 Qg6) 45. Rh1 (45. Rf1 $1 $15) 45... Qg5 $17 46. a4 $2 (46. Re1 $17 {is a better chance.}) 46... bxa4 $2 (46... b4 $1 $19 47. Qc2 c3) 47. Nxc4 $11 Rf8 48. Nb6 Bb7 49. d5 $2 (49. Nxa4 $14 {stays ahead.} Qf5 50. Nc5) 49... exd5 $17 50. Qd4 Qf5 {And now ...a3 would win.} 51. Rd1 {[#]} Re8 ({Black should try} 51... f6 $1 $17 52. exf6 Rxf6) 52. Rd2 (52. g4 $15 Qxe5 53. Qxe5 Rxe5 54. Ra1) 52... a3 $19 (52... Rxe5 53. Nxa4 Re1 54. Nc3 $17) (52... Qxe5 53. Qxe5 Rxe5 54. Nxa4 $17) 53. Qd3 Qg5 ({Not} 53... Rxe5 54. Qxf5 Rxf5 55. Ra2 $17) ({Stronger than} 53... Qxd3 54. Rxd3 Rxe5 55. Rxa3 $17) (53... Qxe5 $19 54. a6 Bc6 55. Qxa3 Qe1) 54. Re2 (54. Ra2 $17 {keeps fighting.}) 54... Rxe5 55. Rxe5 (55. a6 $19 Rxe2+ 56. Qxe2) 55... Qxe5 {Black mates.} 56. Qxa3 Qe2+ 57. Kh3 d4 58. Qd6 Bxf3 {Weighted Error Value: White=0.50/Black=0.36} 0-1

[Event "European Amateur Chess-ch 2022"]
[Site "Zagreb"]
[Date "2022.08.18"]
[Round "6.7"]
[White "Prihoda, Leonardo"]
[Black "Krikunov, Dmitry"]
[Result "0-1"]
[ECO "D15"]
[WhiteElo "1995"]
[BlackElo "2202"]
[Annotator "NA RC"]
[PlyCount "84"]
[EventDate "2022.08.14"]
[EventCountry "CRO"]
[SourceTitle "playchess.com"]
[Source "ChessBase"]
[SourceQuality "1"]
[TimeControl "40/5400+30:1800+30"]

1. d4 Nf6 2. c4 c6 3. Nc3 d5 4. Nf3 a6 5. cxd5 cxd5 6. Bf4 Ne4 7. Qb3 Nxc3 8. bxc3 Nc6 9. e4 dxe4 10. Ng5 e6 11. Nxe4 Nxd4 12. Qa4+ Nc6 13. Rd1 Qa5 14. Qxa5 Nxa5 15. Be2 Be7 16. Nd6+ Bxd6 17. Bxd6 Bd7 18. Bc7 Nc6 19. Bf3 Rc8 20. Bd6 Nd8 21. O-O Bc6 22. Bg4 h5 23. Be2 Bd5 24. Rd2 Rxc3 25. Re1 Nc6 26. h4 Kd7 27. Bf4 Kc8 28. Rb2 Ra3 29. Reb1 b5 30. Bxb5 axb5 31. Rxb5 Rd8 32. Rb7 Ra7 33. R7b6 Kd7 34. Be3 Rc7 35. a4 Ra8 36. Bf4 e5 37. Rd1 Ke6 38. Re1 f6 39. Bg3 Rxa4 40. f4 Ra2 41. Bf2 Rc8 42. fxe5 fxe5 0-1

[Event "European Amateur Chess-ch 2022"]
[Site "Zagreb"]
[Date "2022.08.18"]
[Round "6.8"]
[White "Tomic, Stjepan"]
[Black "Denic, Marin"]
[Result "1-0"]
[ECO "E32"]
[WhiteElo "1990"]
[BlackElo "2190"]
[Annotator "NA RC"]
[PlyCount "111"]
[EventDate "2022.08.14"]
[EventCountry "CRO"]
[SourceTitle "playchess.com"]
[Source "ChessBase"]
[SourceQuality "1"]
[TimeControl "40/5400+30:1800+30"]

1. d4 Nf6 2. c4 e6 3. Nc3 Bb4 4. Qc2 O-O 5. Bg5 d5 6. e3 b6 7. Bd3 Bxc3+ 8. bxc3 h6 9. Bxf6 Qxf6 10. cxd5 exd5 11. Nf3 c5 12. Ne5 Be6 13. O-O c4 14. Be2 Bf5 15. Qb2 Qd6 16. Bf3 Rc8 17. h3 f6 18. Bg4 Bxg4 19. Nxg4 Nd7 20. Qc2 Qe6 21. Rfe1 f5 22. Nh2 Qe4 23. Qb2 a6 24. a4 Rc6 25. Nf1 Rg6 26. Ng3 Qe6 27. Qb1 Rf8 28. Nh5 Qf7 29. Ra2 Rc6 30. Ng3 Qg6 31. Rb2 Qg5 32. Qd1 Nf6 33. Qb1 Nd7 34. Qd1 g6 35. Qb1 Re8 36. Kh2 Ree6 37. Ne2 Qf6 38. Nf4 Red6 39. Qd1 g5 40. Nh5 Qg6 41. Ng3 Rc8 42. Qf3 Rf8 43. Reb1 f4 44. exf4 Rxf4 45. Qe2 Re6 46. Qc2 Qf7 47. Kg1 h5 48. Qd2 h4 49. Nf1 Nf6 50. f3 Qe8 51. Rxb6 Rxb6 52. Rxb6 Qxa4 53. Qe3 Ne4 54. Rb1 Nf6 55. Qe5 Kf7 56. Qxg5 1-0

[Event "European Amateur Chess-ch 2022"]
[Site "Zagreb"]
[Date "2022.08.18"]
[Round "6.9"]
[White "Gal, Andrej"]
[Black "Roska, Branislav"]
[Result "0-1"]
[ECO "E90"]
[WhiteElo "1878"]
[BlackElo "2153"]
[Annotator "TA"]
[PlyCount "228"]
[EventDate "2022.08.14"]
[EventCountry "CRO"]
[SourceTitle "playchess.com"]
[Source "ChessBase"]
[SourceQuality "1"]
[TimeControl "40/5400+30:1800+30"]

1. d4 c5 2. d5 g6 3. c4 Bg7 4. Nc3 d6 5. Nf3 Nf6 6. h3 Na6 7. e4 Nc7 8. Bd3 a6 9. a4 b6 10. O-O O-O 11. Re1 {E90: King's Indian: Classical: Early deviations and 6 h3.} Nd7 12. Bf4 Ne5 13. Nxe5 {White is better.} dxe5 14. Be3 a5 $1 15. Qd2 Ne8 {[#]} 16. Bh6 $146 ({Predecessor:} 16. Rf1 Nd6 17. Rae1 Ba6 18. b3 Qc7 19. Kh1 Rad8 20. f4 exf4 21. Bxf4 e5 22. Bg5 {½-½ (28) Jaworski,M (2300)-Kujawski,A (2305) Mikolajki 1991}) 16... Bd7 17. Ne2 (17. Bxg7 $16 Kxg7 18. f4) 17... Qc7 18. Ng3 f6 19. b3 Bxh6 20. Qxh6 Nd6 21. Rf1 (21. Ne2 $14 {is superior.}) 21... Nf7 (21... e6 {looks sharper.} 22. Rfd1 Rae8 23. f3 f5) 22. Qd2 Rad8 23. Rae1 Kg7 24. Ne2 g5 25. Ng3 Nh8 26. Be2 Nf7 27. Qd1 Nd6 28. Bg4 Be8 29. Bh5 Bg6 30. Qg4 Qc8 31. f3 Qd7 32. Kh2 Nf7 33. Qxd7 (33. Rh1 {is interesting.} Nd6 34. Kg1 Qc8 35. Qxc8 Rxc8 36. h4) 33... Rxd7 34. Bxg6 hxg6 35. Ne2 Nd6 36. g4 Rh8 37. Kg3 Rh7 38. Nc3 Kf7 39. Rh1 Rh4 40. Nd1 Kg7 41. Nc3 Rh8 42. Rhf1 Ne8 43. Rd1 Nc7 44. Rf2 Rhd8 45. Rh1 Rh8 $1 46. Rd1 Na6 47. Na2 Kf7 48. Re1 Rd6 49. Rh2 Kg7 50. Rhe2 Nc7 51. Nc3 e6 52. Kg2 (52. Nd1 {seems wilder.} Na6 53. Ne3 Nb4 54. Rd1) 52... Rhd8 53. Kg3 exd5 (53... Rh8 $1 $11) 54. exd5 (54. cxd5 $14 R6d7 55. Rh1) 54... R6d7 (54... Rh8 $1 $11) 55. Kg2 (55. Rh1 $16) 55... Na6 56. Na2 Kf8 (56... Rh8 $11) 57. Kg3 ({Better is} 57. h4 $1 $14 gxh4 58. g5) 57... Rh7 $11 58. Rd1 Ke7 59. Rde1 Rdh8 60. Rh1 Kd6 61. Nc3 Rf7 (61... Ke7 $11 {keeps the balance.}) 62. Ne4+ $16 Ke7 63. Rhe1 (63. h4 $16) 63... Nb8 64. Rh1 Nd7 65. Rhe1 Rfh7 66. Rh1 Kf7 67. Nd6+ Kg7 (67... Ke7 $5 68. Ne4 Kd8 $11) 68. Ne4 Rh4 69. Nd6 Rf8 70. Nb5 f5 71. Nc7 {Hoping for Ne6+.} Kf6 72. Ne6 Rfh8 73. Rhh2 e4 74. f4 $2 ({White must play} 74. fxe4 $15 f4+ 75. Kg2) 74... gxf4+ $19 75. Nxf4 Ne5 76. Rhf2 $2 {[#]} (76. Ng2 R4h6 77. h4 Nxg4 78. Rh1) 76... g5 $2 ({Black should try} 76... Nxg4 $1 $19 77. Rg2 Ne5) 77. Nh5+ $11 R4xh5 {The board is on fire.} 78. Rxf5+ ({Don't blunder} 78. gxh5 $2 f4+ 79. Kg2 Kf5 $19) 78... Kg6 79. Rxe5 Rxh3+ {[%mdl 4096] Endgame KRR-KRR} 80. Kf2 Rf8+ 81. Kg2 Rxb3 82. R5xe4 Rf6 83. Re6 Rb4 84. R2e4 Rxa4 85. Rxf6+ Kxf6 {KR-KR} 86. Re6+ $2 {[%mdl 8192] Black keeps a firm grip on the game.} ({White should play} 86. Kf2 $15) 86... Kf7 $19 87. Rxb6 Rxc4 88. Kf3 Rf4+ 89. Kg3 Rd4 90. Rb5 (90. Kf3 $142 a4 91. Rc6) 90... Rxd5 {Strongly threatening ...Ke6.} 91. Rxa5 Ke6 {White must now prevent ...Re5.} 92. Ra8 Ke5 {And now ...Kd4 would win.} 93. Ra4 Rd3+ 94. Kf2 Rd4 95. Ra5 Kd5 96. Kf3 Rf4+ 97. Kg3 Re4 98. Kf3 Re5 (98... Re7 $142 99. Ra8 Re5) 99. Ra4 {[#]} (99. Kf2 $19) 99... c4 100. Ra8 Kd4 101. Rd8+ Kc3 {( -> ...Kc2)} 102. Rf8 Kd3 {Black mates.} 103. Rd8+ Kc2 104. Kg2 c3 105. Kh3 Re3+ 106. Kg2 Rd3 107. Rg8 Rd5 108. Kf3 Kd3 109. Rc8 c2 110. Rc7 Kd2 111. Ke4 Rb5 112. Rd7+ Kc3 113. Rd3+ Kb2 114. Rd2 Kb1 {Weighted Error Value: White=0.14 (very precise) /Black=0.16 (very precise)} 0-1

[Event "European Amateur Chess-ch 2022"]
[Site "Zagreb"]
[Date "2022.08.18"]
[Round "6.10"]
[White "Fajdetic, Hrvoje"]
[Black "Gal, Moshe"]
[Result "1-0"]
[ECO "A43"]
[WhiteElo "2151"]
[BlackElo "2111"]
[Annotator "NA RC"]
[PlyCount "79"]
[EventDate "2022.08.14"]
[EventCountry "CRO"]
[SourceTitle "playchess.com"]
[Source "ChessBase"]
[SourceQuality "1"]
[TimeControl "40/5400+30:1800+30"]

1. d4 Nf6 2. Nc3 c5 3. d5 d6 4. e4 g6 5. Bb5+ Bd7 6. Be2 b5 7. Bf3 b4 8. Nb1 Bg7 9. a3 O-O 10. axb4 cxb4 11. Ne2 a5 12. Nd4 a4 13. O-O Ne8 14. c3 Qb6 15. Be3 Qb7 16. Qd2 Nc7 17. cxb4 Nba6 18. Nc3 Nxb4 19. Ra3 Rfb8 20. b3 axb3 21. Rxb3 Qa6 22. Rfb1 Qa5 23. Nce2 Bxd4 24. Nxd4 Nca6 25. h3 Qa4 26. Bd1 Qa2 27. R3b2 Qa3 28. Nb3 Nc7 29. Ra1 Qxa1 30. Nxa1 Rxa1 31. Bd4 Ba4 32. Rxb4 Rxd1+ 33. Qxd1 Rxb4 34. Qd2 Na6 35. Qc3 Rb8 36. Qa5 Bb5 37. e5 Kf8 38. Ba7 Rb7 39. exd6 Rxa7 40. Qxb5 1-0

[Event "European Amateur Chess-ch 2022"]
[Site "Zagreb"]
[Date "2022.08.18"]
[Round "6.11"]
[White "Buchcar, Tomas"]
[Black "Grgantov, Marin"]
[Result "1/2-1/2"]
[ECO "C78"]
[WhiteElo "2208"]
[BlackElo "2048"]
[Annotator "NA RC"]
[PlyCount "157"]
[EventDate "2022.08.14"]
[EventCountry "CRO"]
[SourceTitle "playchess.com"]
[Source "ChessBase"]
[SourceQuality "1"]
[TimeControl "40/5400+30:1800+30"]

1. e4 e5 2. Nf3 Nc6 3. Bb5 a6 4. Ba4 Nf6 5. O-O b5 6. Bb3 Bb7 7. Re1 Bc5 8. c3 d6 9. h3 h6 10. d4 Bb6 11. a4 O-O 12. d5 Ne7 13. Be3 Bxe3 14. Rxe3 c6 15. dxc6 Bxc6 16. Nbd2 Ng6 17. axb5 axb5 18. Ne1 Rxa1 19. Qxa1 d5 20. exd5 Nxd5 21. Bxd5 Qxd5 22. Ndf3 f6 23. Qc1 Nf4 24. Kh2 Rd8 25. Qc2 Kf7 26. b3 g6 27. c4 bxc4 28. bxc4 Qd1 29. Qb2 e4 30. Qb6 Qd6 31. g3 Ne6 32. Nh4 Rb8 33. Qa6 Nc5 34. Qa3 Ra8 35. Qb2 Rd8 36. Nhg2 g5 37. Qe2 Qd1 38. Nc2 Qxe2 39. Rxe2 Rd3 40. Nb4 Rd6 41. Ne3 Bd7 42. g4 Rd4 43. Ra2 Be6 44. Nbd5 Bxd5 45. cxd5 Ra4 46. Rc2 Ra5 47. Nf5 Nd7 48. Nxh6+ Kg6 49. Nf5 Kf7 50. d6 Ke6 51. Rc8 Ra7 52. Re8+ Kd5 53. Re7 Rb7 54. Kg2 Nc5 55. Rxb7 Nxb7 56. d7 Ke6 57. Ng3 e3 58. f3 Kxd7 59. Kf1 Nc5 60. Nh5 Ke6 61. Ke2 Ke5 62. Kxe3 Ne6 63. Kf2 Nd4 64. Ng3 Ne6 65. Ne2 Nf8 66. Kg2 f5 67. Kg3 Ne6 68. gxf5 Kxf5 69. Kf2 Kg6 70. Ke3 Kf5 71. Ng3+ Ke5 72. Ne4 Kf5 73. Nd6+ Ke5 74. Nc4+ Kf5 75. Kf2 Kf4 76. Ne3 Nd4 77. Ng2+ Kf5 78. Kg3 Ne2+ 79. Kf2 1/2-1/2

[Event "European Amateur Chess-ch 2022"]
[Site "Zagreb"]
[Date "2022.08.18"]
[Round "6.12"]
[White "Franc, Borna"]
[Black "Jonsson, Gauti Pall"]
[Result "1/2-1/2"]
[ECO "B22"]
[WhiteElo "2020"]
[BlackElo "2071"]
[Annotator "NA RC"]
[PlyCount "54"]
[EventDate "2022.08.14"]
[EventCountry "CRO"]
[SourceTitle "playchess.com"]
[Source "ChessBase"]
[SourceQuality "1"]
[TimeControl "40/5400+30:1800+30"]

1. e4 c5 2. c3 Nf6 3. e5 Nd5 4. d4 cxd4 5. cxd4 e6 6. Nf3 d6 7. Bc4 Nc6 8. O-O Be7 9. exd6 Qxd6 10. Nc3 O-O 11. Re1 Rd8 12. Bxd5 exd5 13. Ne5 Nxe5 14. Bf4 Be6 15. Bxe5 Qd7 16. Qf3 Rac8 17. Qg3 f6 18. Bf4 Re8 19. Rac1 Bf7 20. Qd3 a6 21. Re3 Bd6 22. Bxd6 Rxe3 23. Qxe3 Qxd6 24. Re1 b5 25. Qh3 Rd8 26. Qg3 Qd7 27. a3 Re8 1/2-1/2

[Event "European Amateur Chess-ch 2022"]
[Site "Zagreb"]
[Date "2022.08.18"]
[Round "6.13"]
[White "Vucenovic, Damian"]
[Black "Green, Michael"]
[Result "1/2-1/2"]
[ECO "B06"]
[WhiteElo "2053"]
[BlackElo "1997"]
[Annotator "NA RC"]
[PlyCount "99"]
[EventDate "2022.08.14"]
[EventCountry "CRO"]
[SourceTitle "playchess.com"]
[Source "ChessBase"]
[SourceQuality "1"]
[TimeControl "40/5400+30:1800+30"]

1. e4 g6 2. d4 Nf6 3. Bd3 c5 4. c3 cxd4 5. cxd4 Nc6 6. Nf3 d5 7. e5 Ne4 8. O-O Bg7 9. Re1 Bf5 10. Be3 O-O 11. Nh4 e6 12. Nxf5 exf5 13. Bc2 Rc8 14. Bb3 Na5 15. f3 Ng5 16. Nc3 Ne6 17. Nxd5 Nc4 18. Bxc4 Rxc4 19. b3 Rc8 20. Nb4 Nc7 21. Rc1 a5 22. Nd3 Nd5 23. Rxc8 Qxc8 24. Qd2 b6 25. Nf4 Nxe3 26. Qxe3 Bh6 27. g3 Rd8 28. e6 Bxf4 29. exf7+ Kxf7 30. Qxf4 Qd7 31. Rd1 Qe7 32. Qd2 Rd5 33. Kf2 Qd8 34. h4 Qf6 35. Qc3 Qd6 36. Qe3 Qd8 37. Qf4 Qd7 38. Rc1 Rd6 39. d5 Kg8 40. Qe5 Qd8 41. Kg2 Rxd5 42. Qe6+ Kg7 43. Rc8 Rd2+ 44. Kh3 Qd3 45. Qe5+ Kh6 46. Qf4+ Kg7 47. Qe5+ Kh6 48. Qf4+ Kg7 49. Rc7+ Kg8 50. Rc8+ 1/2-1/2

[Event "European Amateur Chess-ch 2022"]
[Site "Zagreb"]
[Date "2022.08.18"]
[Round "6.14"]
[White "Horvat, Damjan"]
[Black "Jakovic, Roko"]
[Result "1-0"]
[ECO "E14"]
[WhiteElo "2072"]
[BlackElo "1921"]
[Annotator "NA RC"]
[PlyCount "95"]
[EventDate "2022.08.14"]
[EventCountry "CRO"]
[SourceTitle "playchess.com"]
[Source "ChessBase"]
[SourceQuality "1"]
[TimeControl "40/5400+30:1800+30"]

1. c4 Nf6 2. Nf3 c6 3. b3 d5 4. Bb2 e6 5. e3 Nbd7 6. d4 Bd6 7. Bd3 b6 8. O-O Bb7 9. Nbd2 O-O 10. Qe2 c5 11. e4 dxe4 12. Nxe4 Nxe4 13. Bxe4 Bxe4 14. Qxe4 Nf6 15. Qe2 Qe7 16. Rfd1 Rad8 17. Rd3 Rd7 18. Rad1 Rfd8 19. h3 h6 20. Kf1 Kf8 21. a3 a5 22. dxc5 bxc5 23. Ne5 Bxe5 24. Bxe5 Ke8 25. Bc3 Rxd3 26. Rxd3 Rxd3 27. Qxd3 Qc7 28. Qf3 Ke7 29. Qa8 Qd7 30. Ke2 a4 31. b4 e5 32. bxc5 Qe6 33. Qxa4 Ne4 34. Qb4 Kf6 35. f3 Nxc3+ 36. Qxc3 Ke7 37. Qb4 f6 38. c6+ Kd8 39. Qb8+ Ke7 40. Qb5 Qf5 41. Qb4+ Ke6 42. Qd2 Ke7 43. c5 Ke8 44. c7 Qd7 45. Qd6 Qb5+ 46. Kf2 Qd7 47. a4 Qc8 48. a5 1-0

[Event "European Amateur Chess-ch 2022"]
[Site "Zagreb"]
[Date "2022.08.18"]
[Round "6.15"]
[White "Okrosa, Marijan"]
[Black "Cvitkovic, Filip"]
[Result "1/2-1/2"]
[ECO "E90"]
[WhiteElo "2059"]
[BlackElo "2164"]
[Annotator "NA RC"]
[PlyCount "98"]
[EventDate "2022.08.14"]
[EventCountry "CRO"]
[SourceTitle "playchess.com"]
[Source "ChessBase"]
[SourceQuality "1"]
[TimeControl "40/5400+30:1800+30"]

1. d4 Nf6 2. c4 c5 3. d5 g6 4. Nc3 Bg7 5. e4 d6 6. Nf3 O-O 7. h3 e6 8. Bd3 Nbd7 9. dxe6 fxe6 10. Bg5 Ne5 11. Nxe5 dxe5 12. Qc2 Bd7 13. Rd1 Qe7 14. O-O h6 15. Bxf6 Rxf6 16. Be2 Bc6 17. Rd3 Qf7 18. f3 h5 19. Qd2 Kh7 20. g4 Rf4 21. Rd8 Rxd8 22. Qd3 Rd7 23. Qxd7 Bf6 24. Qd6 Qe7 25. Rd1 Kg7 26. Nb5 a6 27. Na7 Qxd6 28. Rxd6 Be7 29. Rd3 Ba4 30. Nc8 Bf8 31. Nb6 Bc6 32. Nd7 Bxd7 33. Rxd7+ Rf7 34. Rxf7+ Kxf7 35. Kf2 Bh6 36. gxh5 gxh5 37. Kg3 Bf4+ 38. Kf2 Kf6 39. h4 Ke7 40. Bf1 Kd6 41. Kg2 Kc6 42. Kf2 b5 43. b3 b4 44. Bh3 Kd6 45. Bf1 Bd2 46. Bh3 Bc3 47. Bf1 Bd4+ 48. Kg3 Bc3 49. Kf2 Bd4+ 1/2-1/2

[Event "European Amateur Chess-ch 2022"]
[Site "Zagreb"]
[Date "2022.08.18"]
[Round "6.16"]
[White "Vanden Bussche, Steven"]
[Black "Frouth, Nenad"]
[Result "1/2-1/2"]
[ECO "A48"]
[WhiteElo "2026"]
[BlackElo "2121"]
[Annotator "NA RC"]
[PlyCount "141"]
[EventDate "2022.08.14"]
[EventCountry "CRO"]
[SourceTitle "playchess.com"]
[Source "ChessBase"]
[SourceQuality "1"]
[TimeControl "40/5400+30:1800+30"]

1. d4 Nf6 2. Bf4 g6 3. e3 Bg7 4. Nf3 d6 5. h3 Nbd7 6. Be2 c5 7. c3 O-O 8. O-O a6 9. a4 b6 10. Nbd2 Bb7 11. Bh2 Qc7 12. Qb3 Ne4 13. Nxe4 Bxe4 14. Ng5 Bb7 15. Bc4 e6 16. Bxe6 fxe6 17. Qxe6+ Kh8 18. Nf7+ Rxf7 19. Qxf7 Qc6 20. f3 d5 21. Qf4 Kg8 22. b4 Rf8 23. Qd6 Re8 24. Rfe1 Qxd6 25. Bxd6 Kf7 26. a5 cxb4 27. cxb4 Re6 28. Bf4 Bc6 29. axb6 Bb5 30. Rec1 Rxb6 31. Rc7 Ke6 32. Bg3 Bf8 33. Be1 Bc4 34. e4 Bd6 35. Ra7 Bb8 36. exd5+ Bxd5 37. R7xa6 Bc4 38. Rxb6+ Nxb6 39. Bf2 Bd6 40. Ra7 h5 41. Rg7 Bd3 42. b5 Nd5 43. Rb7 Bc7 44. h4 Bb6 45. g4 Bxb5 46. gxh5 gxh5 47. Rh7 Be8 48. Rh6+ Kf5 49. Kh2 Nf6 50. Be3 Bg6 51. Rh8 Ne8 52. Rf8+ Ke6 53. d5+ Ke7 54. Rxe8+ Bxe8 55. Bxb6 Kd6 56. Kg3 Kxd5 57. Kf4 Ke6 58. Kg5 Bf7 59. f4 Ke7 60. Bc5+ Ke8 61. f5 Kd7 62. Kf6 Ke8 63. Bb4 Bc4 64. Kg6 Bf7+ 65. Kh6 Kd7 66. Kg7 Ke8 67. Bc5 Bc4 68. Be3 Bb3 69. Bg5 Bc4 70. Kg6 Bf7+ 71. Kg7 1/2-1/2

[Event "European Amateur Chess-ch 2022"]
[Site "Zagreb"]
[Date "2022.08.18"]
[Round "6.18"]
[White "Kanizaj, Benjamin"]
[Black "Korov, Zvonko"]
[Result "1-0"]
[ECO "B48"]
[WhiteElo "2050"]
[BlackElo "2015"]
[Annotator "NA RC"]
[PlyCount "91"]
[EventDate "2022.08.14"]
[EventCountry "CRO"]
[SourceTitle "playchess.com"]
[Source "ChessBase"]
[SourceQuality "1"]
[TimeControl "40/5400+30:1800+30"]

1. e4 c5 2. Nf3 e6 3. d4 cxd4 4. Nxd4 a6 5. Nc3 Qc7 6. a3 Nf6 7. Be3 b5 8. Bd3 Bb7 9. O-O Nc6 10. Kh1 Be7 11. f4 Nxd4 12. Bxd4 O-O 13. e5 Ne8 14. Be4 g6 15. Qf3 Rb8 16. Ba7 Bxe4 17. Bxb8 Bxf3 18. Bxc7 Bxg2+ 19. Kxg2 Nxc7 20. Rfd1 Rd8 21. Rd3 Kf8 22. Rad1 Ke8 23. Kf3 f5 24. Rc1 Na8 25. b4 Nb6 26. Nb1 Rc8 27. Nd2 g5 28. c4 g4+ 29. Kg3 h5 30. Rdc3 h4+ 31. Kg2 Na4 32. R3c2 Nb6 33. cxb5 Rxc2 34. Rxc2 axb5 35. Nb3 Nd5 36. Rc8+ Kf7 37. Nd4 Nxf4+ 38. Kf1 Nd3 39. Nxb5 Nxe5 40. Nd4 f4 41. b5 h3 42. b6 g3 43. hxg3 fxg3 44. b7 Ng4 45. b8=Q e5 46. Qb3+ 1-0

[Event "European Amateur Chess-ch 2022"]
[Site "Zagreb"]
[Date "2022.08.18"]
[Round "6.19"]
[White "Takac, Zvonko"]
[Black "Jakupec, Denis"]
[Result "1/2-1/2"]
[ECO "E99"]
[WhiteElo "2040"]
[BlackElo "2004"]
[Annotator "NA"]
[PlyCount "21"]
[EventDate "2022.08.14"]
[EventCountry "CRO"]
[SourceTitle "playchess.com"]
[Source "ChessBase"]
[SourceQuality "1"]
[TimeControl "40/5400+30:1800+30"]

1. d4 Nf6 2. c4 g6 3. Nc3 Bg7 4. e4 d6 5. Nf3 O-O 6. Be2 e5 7. O-O Nc6 8. d5 Ne7 9. Ne1 Nd7 10. Nd3 f5 11. f3 1/2-1/2

[Event "European Amateur Chess-ch 2022"]
[Site "Zagreb"]
[Date "2022.08.18"]
[Round "6.20"]
[White "Dzaja, Martin Zorislav"]
[Black "Faukovic, Matija"]
[Result "0-1"]
[ECO "A09"]
[WhiteElo "1974"]
[BlackElo "2026"]
[Annotator "NA RC"]
[PlyCount "52"]
[EventDate "2022.08.14"]
[EventCountry "CRO"]
[SourceTitle "playchess.com"]
[Source "ChessBase"]
[SourceQuality "1"]
[TimeControl "40/5400+30:1800+30"]

1. Nf3 d5 2. c4 d4 3. e3 Nc6 4. b4 dxe3 5. fxe3 Nxb4 6. Qa4+ Nc6 7. d4 Bd7 8. Qb3 e5 9. d5 Nb4 10. Nc3 f6 11. a3 Na6 12. Qxb7 Nc5 13. Qb1 Rb8 14. Bb2 Nh6 15. Be2 Ng4 16. Nd1 Nb3 17. h3 Nh6 18. Ra2 Nf5 19. O-O Bc5 20. Qd3 Ng3 21. Re1 e4 22. Qc2 Nxe2+ 23. Qxe2 exf3 24. Qxf3 O-O 25. Nf2 Bd6 26. Nd3 Nd2 0-1

[Event "European Amateur Chess-ch 2022"]
[Site "Zagreb"]
[Date "2022.08.18"]
[Round "6.21"]
[White "Raljic, Mirko"]
[Black "Baric, Marko"]
[Result "0-1"]
[ECO "B23"]
[WhiteElo "2023"]
[BlackElo "1948"]
[Annotator "NA RC"]
[PlyCount "100"]
[EventDate "2022.08.14"]
[EventCountry "CRO"]
[SourceTitle "playchess.com"]
[Source "ChessBase"]
[SourceQuality "1"]
[TimeControl "40/5400+30:1800+30"]

1. e4 c5 2. Nc3 Nc6 3. f4 g6 4. Nf3 Bg7 5. Bc4 e6 6. d3 Nge7 7. O-O d5 8. Bb3 O-O 9. Qe1 Nd4 10. Nxd4 cxd4 11. Ne2 dxe4 12. dxe4 b5 13. Qf2 Bb7 14. e5 Nc6 15. Rd1 Qb6 16. Nxd4 Nxd4 17. Rxd4 Rfd8 18. Be3 Rxd4 19. Bxd4 Qc6 20. c3 a5 21. Bd1 Rc8 22. Bf3 Qa6 23. Rf1 b4 24. Bxb7 Qxb7 25. Qf3 Qb5 26. Rf2 Bf8 27. g3 a4 28. cxb4 Qxb4 29. Qe3 Rd8 30. Rd2 Bc5 31. Bxc5 Qxd2 32. Qxd2 Rxd2 33. Ba3 h5 34. h3 Kg7 35. g4 hxg4 36. hxg4 Rd4 37. Kg2 Rxf4 38. Kg3 Re4 39. Bc5 Kh7 40. b4 axb3 41. axb3 Rxe5 42. b4 g5 43. Kf3 f5 44. gxf5 exf5 45. Bd6 Rd5 46. Bc5 Kg6 47. Ke3 Kf6 48. Bd4+ Ke6 49. Kd3 Rxd4+ 50. Kxd4 Kd6 0-1

[Event "European Amateur Chess-ch 2022"]
[Site "Zagreb"]
[Date "2022.08.18"]
[Round "6.22"]
[White "Starcevic, Danijel"]
[Black "Maravic, Ivan"]
[Result "0-1"]
[ECO "A24"]
[WhiteElo "1935"]
[BlackElo "2009"]
[Annotator "NA RC"]
[PlyCount "70"]
[EventDate "2022.08.14"]
[EventCountry "CRO"]
[SourceTitle "playchess.com"]
[Source "ChessBase"]
[SourceQuality "1"]
[TimeControl "40/5400+30:1800+30"]

1. c4 Nf6 2. g3 g6 3. Bg2 Bg7 4. Nc3 O-O 5. e4 d6 6. Nge2 e5 7. O-O c6 8. d3 a6 9. a4 a5 10. h3 Na6 11. Be3 Nb4 12. Kh2 Nd7 13. d4 exd4 14. Bxd4 Bxd4 15. Nxd4 Nc5 16. Qf3 Ncd3 17. b3 Qb6 18. Qf6 Qd8 19. Qxd8 Rxd8 20. Rfd1 Nxf2 21. Rd2 Nfd3 22. Rad1 Nc5 23. g4 h6 24. Kg3 Kg7 25. h4 Re8 26. Bf3 Re7 27. h5 Bd7 28. Re1 Rae8 29. Re3 d5 30. cxd5 cxd5 31. e5 Rxe5 32. Rxe5 Rxe5 33. Nxd5 Nxd5 34. Bxd5 Rxd5 35. Nf5+ Rxf5 0-1

[Event "European Amateur Chess-ch 2022"]
[Site "Zagreb"]
[Date "2022.08.18"]
[Round "6.23"]
[White "Janiszewski, Maciej"]
[Black "Pal, Rohan"]
[Result "1-0"]
[ECO "B23"]
[WhiteElo "2075"]
[BlackElo "1935"]
[Annotator "NA RC"]
[PlyCount "45"]
[EventDate "2022.08.14"]
[EventCountry "CRO"]
[SourceTitle "playchess.com"]
[Source "ChessBase"]
[SourceQuality "1"]
[TimeControl "40/5400+30:1800+30"]

1. e4 c5 2. Nc3 Nc6 3. Bb5 Nd4 4. Nf3 Nxb5 5. Nxb5 d6 6. d4 cxd4 7. Qxd4 Nf6 8. Qc4 Be6 9. Nc7+ Kd7 10. Nxe6 fxe6 11. Ng5 Qa5+ 12. Bd2 d5 13. Bxa5 dxc4 14. O-O-O+ Kc6 15. f3 g6 16. Nxe6 Bh6+ 17. Bd2 Bxd2+ 18. Rxd2 Nd7 19. Rhd1 Nb6 20. a4 a5 21. b3 Rac8 22. e5 Rhg8 23. Rd6+ 1-0